 Dungeon Crawl Stone Soup version 0.20.0-15-g7f486f2 (webtiles) character file.

63472 KleinerIrrer the Basher (level 15, -3/81 HPs)
             Began as a Gargoyle Fighter on June 27, 2017.
             Was the Champion of Hepliaklqana.
             Killed from afar by an ice dragon (39 damage)
             ... with a blast of cold
             ... on level 3 of the Swamp.
             The game lasted 01:46:22 (20631 turns).

KleinerIrrer the Basher (Gargoyle Fighter)         Turns: 20631, Time: 01:46:22

Health: -3/81      AC: 33    Str: 24    XL:     15   Next: 9%
Magic:  22/22      EV: 11    Int: 18    God:    Hepliaklqana [******]
Gold:   752        SH: 14    Dex:  9    Spells: 15/24 levels left

rFire    + + +     SeeInvis +   u - +5 mace "Gargoyle's Doom" {crush, -Tele rPois rF+ Int+7}
rCold    . . .     Gourm    .   c - +2 shield
rNeg     + . .     Faith    .   w - +3 chain mail {rF+}
rPois    ∞         Spirit   .   n - +1 hat
rElec    +         Reflect  .   j - +2 cloak
rCorr    .         Harm     .   (no gloves)
MR       ++...     NoTele   +   D - +2 pair of boots
Stlth    ..........             (no amulet)
Regen    0.3/turn               V - ring "Pigiunab" {Wiz rPois rF+ MR+}
MPRegen  0.2/turn               I - ring of see invisible

@: flying
A: reduced essence, big wings, negative energy resistance 1, electricity
resistance, unbreathing, petrification resistance, rot immunity, AC +11
a: Stop Flying, Recall Ancestor, Ancestor Identity, Transference, Idealise,
Renounce Religion


You were on level 3 of the Swamp.
You worshipped Hepliaklqana.
Hepliaklqana was exalted by your worship.
You were not hungry.

You visited 4 branches of the dungeon, and saw 21 of its levels.
You also visited: Labyrinth and Volcano.

You collected 1172 gold pieces.
You spent 420 gold pieces at shops.

Inventory:

Hand Weapons
 o - a +1 trident of piercing
 u - the +5 mace "Gargoyle's Doom" (weapon) {crush, -Tele rPois rF+ Int+7}
   (You found it on level 4 of the Dungeon)

   It inflicts extra damage upon your enemies.
   It affects your intelligence (+7).
   It protects you from fire.
   It protects you from poison.
   It prevents most forms of teleportation.
 x - the +3 whip of Valiance {slash, +Inv rPois rN+ Stlth-}
   (You found it on level 6 of the Lair of Beasts)

   It inflicts extra damage upon your enemies.
   It protects you from poison.
   It protects you from negative energy.
   It lets you turn invisible.
   It makes you less stealthy.
Armour
 c - a +2 shield (worn)
 j - a +2 cloak (worn)
 n - a +1 hat (worn)
 w - a +3 chain mail of fire resistance (worn)
 D - a +2 pair of boots (worn)
 R - a +2 buckler
Jewellery
 a - a +3 ring of evasion
 A - an uncursed ring of protection from fire
 H - an uncursed ring of protection from cold
 I - a ring of see invisible (right hand)
 Q - an uncursed ring of positive energy
 U - the ring of Sif Muna's Whim {Wiz *Corrode rN+ Str+4 Stlth+}
   (You found it in a labyrinth)

   [ring of wizardry]

   It improves your spell success rate.
   It affects your strength (+4).
   It protects you from negative energy.
   It may corrode you when you take damage.
   It makes you more stealthy.
 V - the ring "Pigiunab" (left hand) {Wiz rPois rF+ MR+}
   (You found it in a labyrinth)

   [ring of wizardry]

   It improves your spell success rate.
   It protects you from fire.
   It protects you from poison.
   It affects your resistance to hostile enchantments.
Wands
 e - a wand of confusion (23/48)
 k - a wand of paralysis (2/24)
 s - a wand of polymorph (12/24)
 t - a wand of enslavement (20/24)
 B - a wand of flame (13/48)
 E - a wand of digging (6/24)
 F - a wand of iceblast (9/15)
 G - a wand of polymorph (10/24)
 O - a wand of disintegration (13/24)
 P - a wand of acid (6/15)
Scrolls
 d - 4 scrolls of identify
 i - 4 scrolls of fear
 l - 9 scrolls of remove curse
 p - 4 scrolls of recharging
 q - 9 scrolls of teleportation
 J - 4 scrolls of torment
Potions
 b - 2 potions of berserk rage
 m - 6 potions of curing
 r - 2 potions of ambrosia
 z - a potion of resistance
 C - 3 potions of brilliance
 L - 2 potions of lignification
 M - 2 potions of flight
 S - 2 potions of magic
Books
 h - a book of Clouds

   Spells                             Type                      Level
   a - Poisonous Vapours              Poison/Air                   2
   b - Mephitic Cloud                 Conjuration/Poison/Air       3
   c - Conjure Flame                  Conjuration/Fire             3
   d - Freezing Cloud                 Conjuration/Ice/Air          6
   e - Ring of Flames                 Charms/Fire                  7
 y - a book of Air

   Spells                             Type                      Level
   a - Shock                          Conjuration/Air              1
   b - Swiftness                      Charms/Air                   2
   c - Static Discharge               Conjuration/Air              3
   d - Airstrike                      Air                          4
   e - Lightning Bolt                 Conjuration/Air              5
 T - Asmodeus's Reference Book on Creative Attacks
   (You found it in a labyrinth)

   Spells                             Type                      Level
   a - Throw Frost                    Conjuration/Ice              2
   b - Summon Forest                  Summoning/Translocation      5
   c - Dragon's Call                  Summoning                    9
Miscellaneous
 v - a fan of gales
Comestibles
 f - 8 bread rations
 g - 13 meat rations
 K - 5 royal jellies
 N - 16 fruits


   Skills:
 + Level 9.6 Fighting
 + Level 14.4 Maces & Flails
 + Level 10.3 Armour
 * Level 7.7 Dodging
 + Level 11.5 Shields
 * Level 5.2 Spellcasting
 * Level 5.4 Summonings
 * Level 1.5 Invocations
 * Level 8.2 Evocations


You had 15 spell levels left.
You knew the following spells:

 Your Spells              Type           Power        Failure   Level  Hunger
a - Dragon's Call         Summ           ###.......   100%        9    #######


Dungeon Overview and Level Annotations

Branches:
Dungeon (11/15)            Temple (1/1) D:6            Lair (6/6) D:11
  Swamp (3/4) Lair:2       Spider (0/4) Lair:3        Slime (0/5) Lair:5
    Orc: D:9-12

Altars:
Ashenzari
Cheibriados
Dithmenos
Elyvilon
Fedhas
Gozag
Hepliaklqana
Kikubaaqudgha
Makhleb
Nemelex Xobeh
Okawaru
Qazlal
Ru
Sif Muna
Trog
Uskayaw
Vehumet
Xom
Yredelemnul
Zin
The Shining One

Shops:
D:5 (   D:10 [

Annotations:
Swamp:3 Louise, Nikola


Innate Abilities, Weirdness & Mutations

You are resistant to torment.
Your stone body is resilient. (AC +11)
You are immune to poison.
Your large and strong wings let you fly indefinitely.
You resist negative energy. (rN+)
You are resistant to electric shocks. (rElec)
You can survive without breathing.
You are immune to petrification.
You are immune to rotting.
Your life essence is reduced. (-10% HP)


Message History

You barely miss Donald.
Donald is almost dead.
Nefertari hits Donald with a dagger of draining.
You catch the helpless Donald completely off-guard!
You sock Donald!
You kill Donald!
A six-headed hydra comes into view.
Items here: ) ? [[ a scimitar of slicing; a glowing plate armour; a shield a scroll labeled EWIWOKL SOAMALL You start resting.
All of the chunks of flesh in your inventory have rotted away.
Aiming: Polymorph
Press: ? - help, Shift-Dir - straight line, f - six-headed hydra
Aim: a six-headed hydra (chance to defeat MR: 34%)
The six-headed hydra evaporates and reforms as an ice dragon!
This wand has 12 charges left.
The ice dragon breathes frost at you. The blast of cold hits you!
You die...

≈ ♣♣♣♣♣ ≈≈ ♣♣♣♣♣..≈♣♣ .≈
♣♣♣♣♣♣§≈.≈≈...♣♣ ≈♣♣♣
.≈.♣.≈≈.≈≈.^§..♣♣♣♣≈§...
.≈≈≈≈≈≈.....≈.≈♣R.≈≈.≈≈≈
.≈≈≈≈≈......≈♣♣.@D...≈≈≈
≈≈≈≈≈≈..≈≈≈♣♣♣♣♣.≈≈≈.≈≈≈
≈≈≈≈≈...≈≈≈..≈♣♣.≈≈≈≈..≈
≈≈≈≈.≈≈≈≈≈≈≈.♣♣≈≈≈≈≈(♣♣♣
.≈≈..≈≈≈.≈≈.≈≈≈≈≈≈≈.≈♣
≈....≈≈≈≈..≈≈≈≈≈...♣♣♣
≈≈♣♣≈.≈≈...≈≈≈...♣♣♣
≈≈♣♣♣≈..≈≈≈.....♣♣ .♣♣
♣♣≈.≈≈.....≈♣


You could see the friendly Nefertari the hexer and an ice dragon.

Vanquished Creatures
  Gastronok (Lair:3)
  Donald (Swamp:3)
  A minotaur (Lab)
  A rakshasa (D:10)
  5 hydras
  4 alligators
  A two-headed ogre (D:11)
  Nergalle (Lair:3)
  A hell knight (Volcano)
  2 shambling mangroves (Swamp:2)
  3 swamp dragons
  4 ugly things (Swamp:3)
  5 elephants
  4 black mambas
  A torpor snail (Lair:4)
  21 spiny frogs
  3 rime drakes
  2 kobold demonologists (D:11)
  7 komodo dragons
  A red devil (Volcano)
  3 hornets
  6 tyrant leeches
  4 slime creatures (Swamp:2)
  16 blink frogs
  2 hippogriffs
  2 bog bodies
  A spriggan (Swamp:3)
  A shadow (Swamp:1)
  4 wyverns
  28 yaks
  3 hogs (D:9)
  A human (D:9)
  2 basilisks
  3 hungry ghosts (D:10)
  10 vampire mosquitoes
  5 insubstantial wisps
  12 water moccasins
  5 swamp worms
  Duvessa (D:4)
  A hell hound (Volcano)
  4 swamp drakes
  6 porcupines
  An ice beast (D:5)
  A necrophage (D:9)
  3 orc warriors
  2 black bears
  2 phantoms
  2 sky beasts (D:8)
  3 centaurs
  6 wolves
  2 ogres
  14 crocodiles
  2 big kobolds (D:11)
  15 bullfrogs
  Dowan (D:4)
  3 scorpions
  7 killer bees
  4 wights (D:9)
  An electric eel (Lair:6)
  5 crimson imps
  2 jellies
  A centaur skeleton (D:6)
  2 hounds
  2 orc priests
  14 orc wizards
  Crazy Yiuf (D:2)
  A bullfrog skeleton (D:10)
  Ijyb (D:4)
  Terence (D:2)
  4 iguanas
  3 worker ants
  A hound skeleton (D:5)
  8 gnolls
  7 adders
  2 shadow imps
  2 oozes
  An adder skeleton (D:5)
  An adder zombie (D:5)
  A worm (D:2)
  6 leopard geckos
  24 orcs
  3 giant cockroaches
  2 hobgoblins
  10 kobolds
  5 quokkas
  A ball python skeleton (D:6)
  4 bats
  4 frilled lizards
  2 goblins
  A quokka skeleton (D:4)
  3 rats (D:2)
  A plant (Lair:6)
384 creatures vanquished.

Vanquished Creatures (collateral kills)
  A hydra (Swamp:1)
  A shambling mangrove (Swamp:1)
  2 swamp dragons
  A deep elf mage (D:8)
  An oklob plant (Lair:5)
  An ugly thing (Swamp:3)
  An elephant (Lair:6)
  8 spiny frogs
  A komodo dragon (Lair:6)
  A troll (D:11)
  A tyrant leech (Swamp:3)
  3 hornets
  A slime creature (Swamp:2)
  8 blink frogs
  A wyvern (D:10)
  A hog (D:9)
  9 yaks
  4 vampire mosquitoes
  4 water moccasins
  An ice beast (D:8)
  An orc warrior (D:8)
  2 swamp drakes
  A sky beast (D:7)
  2 black bears
  A wolf (Lair:5)
  4 bullfrogs
  A scorpion (D:10)
  2 killer bees (D:9)
  A wight (D:9)
  A jelly (D:10)
  An iguana (Lair:2)
  An orc wizard (D:8)
  A worker ant (D:7)
  A leopard gecko (D:6)
  2 orcs
  3 kobolds (D:11)
  A quokka (D:10)
77 creatures vanquished.

Vanquished Creatures (others)
  8 hexers
  An ancestor (D:8)
  9 fungi
  46 plants
64 creatures vanquished.

Grand Total: 525 creatures vanquished

Notes
Turn   | Place    | Note
-------+----------+-------------------------------------------
     0 | D:1      | KleinerIrrer the Gargoyle Fighter began the quest for the Orb.
     0 | D:1      | Reached XP level 1. HP: 14/14 MP: 1/1
   142 | D:1      | Reached XP level 2. HP: 19/19 MP: 2/2
   799 | D:2      | Reached XP level 3. HP: 23/23 MP: 3/3
  1372 | D:2      | Found a runed door.
  1405 | D:2      | Noticed Crazy Yiuf
  1410 | D:2      | Killed Crazy Yiuf
  1410 | D:2      | Reached XP level 4. HP: 26/28 MP: 4/4
  1536 | D:2      | Noticed Terence
  1542 | D:2      | Killed Terence
  1542 | D:2      | Reached skill level 3 in Maces & Flails
  1598 | D:2      | You fall through a shaft for 2 floors!
  1598 | D:4      | Noticed an ogre
  1602 | D:4      | Killed an ogre
  1602 | D:4      | Reached skill level 1 in Dodging
  1602 | D:4      | Reached XP level 5. HP: 21/33 MP: 5/5
  1635 | D:4      | Reached skill level 4 in Maces & Flails
  1845 | D:4      | Reached XP level 6. HP: 35/38 MP: 6/6
  2218 | D:4      | Noticed Duvessa
  2255 | D:4      | Noticed Dowan
  2258 | D:4      | Killed Duvessa
  2327 | D:3      | Reached skill level 5 in Maces & Flails
  2327 | D:3      | Reached XP level 7. HP: 43/43 MP: 7/7
  2346 | D:4      | Killed Dowan
  2528 | D:4      | Noticed Ijyb
  2557 | D:4      | Killed Ijyb
  2776 | D:4      | Reached skill level 5 in Armour
  2888 | D:4      | Got a faintly glowing mace
  2889 | D:4      | Identified the +5 mace "Gargoyle's Doom" {crush, -Tele rPois rF+ Int+7} (You found it on level 4 of the Dungeon)
  3064 | D:5      | Entered Level 5 of the Dungeon
  3144 | D:5      | Reached skill level 5 in Shields
  3181 | D:5      | Reached XP level 8. HP: 48/48 MP: 8/8
  3239 | D:5      | Found an iron altar of Okawaru.
  3323 | D:5      | Reached skill level 6 in Maces & Flails
  3331 | D:5      | Found Enuoh's Weapon Shop.
  3693 | D:6      | Found a staircase to the Ecumenical Temple.
  3702 | D:6      | Reached skill level 1 in Evocations
  3746 | Temple   | Entered the Ecumenical Temple
  3801 | Temple   | Became a worshipper of Hepliaklqana the Forgotten
  3895 | D:6      | Reached skill level 5 in Fighting
  4248 | D:7      | Found a stormy altar of Qazlal.
  4258 | D:7      | Found a basalt altar of Yredelemnul.
  4264 | D:7      | Found a shimmering altar of Xom.
  4287 | D:7      | Reached skill level 7 in Maces & Flails
  4379 | D:7      | Noticed a hornet
  4393 | D:7      | Killed a hornet
  4542 | D:7      | Reached XP level 9. HP: 48/48 MP: 10/10
  4608 | D:7      | Found a white marble altar of Elyvilon.
  4643 | D:7      | Found a burning altar of Makhleb.
  4644 | D:7      | Found a radiant altar of Vehumet.
  4703 | D:7      | Reached * piety under Hepliaklqana
  4949 | D:7      | Reached skill level 8 in Maces & Flails
  5552 | D:8      | Reached skill level 9 in Maces & Flails
  5627 | D:8      | Noticed a deep elf mage
  5646 | D:8      | Killed a deep elf mage
  5646 | D:8      | Reached XP level 10. HP: 45/54 MP: 12/12
  6141 | D:9      | Found a snail-covered altar of Cheibriados.
  6345 | D:9      | Reached ** piety under Hepliaklqana
  6346 | D:9      | Remembered your ancestor Nefertari as a hexer
  6548 | D:9      | Reached skill level 10 in Maces & Flails
  6958 | D:10     | Entered Level 10 of the Dungeon
  6958 | D:10     | Noticed a two-headed ogre
  7200 | D:10     | Noticed a rakshasa
  7224 | D:10     | Killed a rakshasa
  7243 | D:10     | Found a shattered altar of Ashenzari.
  7260 | D:10     | Reached XP level 11. HP: 47/59 MP: 14/14
  7308 | D:10     | Reached skill level 11 in Maces & Flails
  7372 | D:10     | Found Agenise's Antique Armour Boutique.
  7380 | D:10     | Bought a runed chain mail for 210 gold pieces
  7380 | D:10     | Bought a shiny buckler for 210 gold pieces
  7529 | D:10     | Noticed a death knight
  8156 | D:11     | Reached skill level 5 in Dodging
  8167 | D:11     | Killed a two-headed ogre
  8167 | D:11     | Reached skill level 5 in Evocations
  8429 | D:11     | Found a staircase to the Lair.
  8628 | Lair:1   | Entered Level 1 of the Lair of Beasts
  8670 | Lair:1   | Reached *** piety under Hepliaklqana
  8850 | Lair:1   | Reached skill level 12 in Maces & Flails
  9705 | Lair:2   | Found a staircase to the Swamp.
  9706 | Lair:2   | Noticed a swamp dragon
  9713 | Lair:2   | Reached XP level 12. HP: 64/64 MP: 16/16
  9777 | Lair:2   | Reached **** piety under Hepliaklqana
 10926 | Lair:3   | Found a hole to the Spider Nest.
 11059 | Lair:3   | Reached skill level 13 in Maces & Flails
 11207 | Lair:3   | Noticed Gastronok
 11379 | Lair:3   | Killed Gastronok
 11610 | Lair:3   | Noticed Nergalle
 11623 | Lair:3   | Killed Nergalle
 11635 | Lair:3   | Noticed an eight-headed hydra
 11646 | Lair:3   | Killed an eight-headed hydra
 11883 | Lair:3   | Found a radiant altar of Vehumet.
 11975 | Lair:4   | Reached ***** piety under Hepliaklqana
 12084 | Lair:4   | Found a dark tunnel.
 12093 | Volcano  | Entered a volcano
 12115 | Volcano  | Noticed a hell knight
 12125 | Volcano  | Killed a hell knight
 12222 | Lair:4   | Reached XP level 13. HP: 68/70 MP: 17/17
 12225 | Lair:4   | Found a labyrinth entrance.
 12234 | Lab      | Entered a labyrinth
 12836 | Lab      | Noticed a minotaur
 12849 | Lab      | Killed a minotaur
 12854 | Lab      | Identified Asmodeus's Reference Book on Creative Attacks
 12855 | Lab      | Got a slimy steel ring
 12855 | Lab      | Got a scintillating jade ring
 12890 | Lab      | Identified the ring of Sif Muna's Whim {Wiz *Corrode rN+ Str+4 Stlth+} (You found it in a labyrinth)
 12892 | Lab      | Identified the ring "Pigiunab" {Wiz rPois rF+ MR+} (You found it in a labyrinth)
 12927 | Lab      | Learned a level 9 spell: Dragon's Call
 13463 | Lair:4   | Reached skill level 1 in Spellcasting
 13567 | Lair:4   | Reached skill level 1 in Summonings
 14434 | Lair:5   | Reached skill level 14 in Maces & Flails
 14568 | Lair:5   | Found a staircase to the Slime Pits.
 15309 | Lair:6   | Entered Level 6 of the Lair of Beasts
 16125 | Lair:6   | Reached skill level 10 in Shields
 16190 | Lair:6   | Got a faintly glowing whip
 16191 | Lair:6   | Identified the +3 whip of Valiance {slash, +Inv rPois rN+ Stlth-} (You found it on level 6 of the Lair of Beasts)
 16215 | Lair:6   | Gained mutation: Your large and strong wings let you fly indefinitely. [Gargoyle growth]
 16215 | Lair:6   | Reached XP level 14. HP: 70/75 MP: 19/19
 17617 | Swamp:1  | Entered Level 1 of the Swamp
 18154 | Swamp:1  | Reached skill level 10 in Armour
 19118 | Swamp:2  | Reached skill level 5 in Summonings
 20130 | Swamp:3  | Noticed Nikola
 20134 | Swamp:3  | Reached ****** piety under Hepliaklqana
 20139 | Swamp:3  | Noticed Louise
 20459 | Swamp:3  | Reached XP level 15. HP: 70/81 MP: 22/22
 20464 | Swamp:3  | Reached skill level 1 in Invocations
 20470 | Swamp:3  | Reached skill level 5 in Spellcasting
 20569 | Swamp:3  | Noticed Donald
 20595 | Swamp:3  | Killed Donald
 20631 | Swamp:3  | Killed from afar by an ice dragon

Skill      XL: |  1  2  3  4  5  6  7  8  9 10 11 12 13 14 15 |
---------------+----------------------------------------------+-----
Shields        | 4 5 6 7 8 9 10 11 | 11.5
Maces & Flails | 3 4 5 7 9 10 12 13 14 | 14.4
Armour         | 4 5 6 7 8 9 10 | 10.3
Dodging        | 1 2 3 4 5 6 7 |  7.7
Fighting       | 4 5 6 7 8 9 |  9.6
Evocations     | 1 3 4 5 6 7 8 |  8.2
Spellcasting   | 3 4 5 |  5.2
Summonings     | 3 5 |  5.4
Invocations    | 1 |  1.5

Action                   |  1- 3 |  4- 6 |  7- 9 | 10-12 | 13-15 || total
-------------------------+-------+-------+-------+-------+-------++-------
Melee: Flail             |   125 |       |       |       |       ||   125
       Quarterstaff      |       |    64 |    31 |       |       ||    95
       Mace              |       |       |   273 |   640 |  1010 ||  1923
       Unarmed           |       |       |    11 |       |       ||    11
       Whip              |       |       |       |       |     2 ||     2
Invok: Ancestor Life: He |       |       |       |     1 |       ||     1
       Recall Ancestor   |       |       |       |       |     2 ||     2
 Abil: Fly               |       |       |       |       |     1 ||     1
       Evoke Invisibilit |       |       |       |       |     1 ||     1
Evoke: Wand              |       |       |       |     4 |    18 ||    22
  Use: Scroll            |     9 |       |     9 |     8 |    11 ||    37
       Potion            |     1 |     1 |       |     5 |     2 ||     9
 Stab: Distracted        |       |       |     3 |    11 |    10 ||    24
       Confused          |       |       |       |     2 |    10 ||    12
       Invisible         |       |       |       |       |     1 ||     1
       Paralysed         |       |       |       |       |    11 ||    11
  Eat: Chunk             |     2 |     1 |     8 |    17 |    12 ||    40
       Bread ration      |       |     1 |       |     2 |     4 ||     7
       Royal jelly       |       |       |       |     1 |       ||     1
Armor: Scale mail        |     6 |       |    26 |    70 |       ||   102
       Chain mail        |    81 |    31 |    23 |   195 |   436 ||   766
       Plate armour      |       |       |   110 |       |       ||   110
Dodge: Dodged            |    39 |    23 |    53 |   204 |   272 ||   591
Block: Shield            |    77 |       |   134 |   181 |   625 ||  1017
       Buckler           |       |       |       |   103 |       ||   103
